Workbook
Name _Hlk24883099: Matriz!$A$6
Name _Hlk500085866: Instrucciones!$A$30
Name _Toc17790525: Tablas!$A$5
Name _Toc17790526: Tablas!$J$46
Name _Toc17790527: Tablas!$B$51
Name _Toc17790530: Tablas!$J$18
Name _Toc17790531: Tablas!$J$42
Name a: [1]Hoja2!$G$15:$I$39
Name a: [1]Hoja2!$G$15:$I$39
Name a: [2]Hoja2!$G$15:$I$39
Name zona_riesgo: [1]Hoja2!$G$15:$I$39
Name zona_riesgo: [1]Hoja2!$G$15:$I$39
Name zona_riesgo: [3]Hoja2!$G$15:$I$39

Sheet Matriz
E1: MATRIZ DE RIESGO CONTRACTUALES | W1: Código: GAB-FT020
E2: GESTIÓN DEL ABASTECIMIENTO | W2: Versión: 001
D4: CLASIFICACIÓN DE LA INFORMACIÓN | G4: x | I4: PÚBLICA | P4: CLASIFICADA | S4: RESERVADA
A6: Identificación | K6: Análisis y Valoración | P6: Tratamiento | X6: Monitoreo y revisión
A7: N° | B7: Proceso Contractual | C7: Fecha de identificación | D7: Descripción | G7: Clase | H7: Fuente | I7: Etapa | J7: Tipo | K7: Estimación riesgo sin tratamientos | O7: Responsable del Riesgo | P7: Tratamiento / Control a ser implementado | Q7: Estimación riesgo con tratamientos propuestos | U7: Responsable del Tratamiento | V7: ¿Cuándo se inicia el tratamiento? | W7: ¿Cuándo se completa el tratamiento? | X7: ¿Cómo se realiza el monitoreo? | Y7: Periodicidad
D8: Descripción del Riesgo | E8: ¿Cuál puede ser la causa, el origen, o fuente del riesgo? | F8: ¿Cuáles pueden ser los efectos o consecuencias de la ocurrencia del riesgo? | K8: Probabilidad | L8: Impacto | M8: Valoración | N8: categoría | Q8: Probabilidad | R8: Impacto | S8: Valoración luego del tratamiento | T8: categoría
A9: 1 | B9: Renovación del licenciamiento de los firewall 600E, Licenciamiento Fortianalyzer FAZ-200F, y servicios profesionales de afinamiento y soporte a fallas 7*24 durante un (01) año | C9: 45448 | D9: El contratista seleccionado no firma el contrato en el plazo establecido y/o se retrasa en la constitución y presentación de las garantías que amparan el cumplimiento del contrato. | E9: Desconocimiento de los requisitos o de los términos del contrato | F9: Retraso en el inicio de la ejecución del contrato y afectación en el logro de los objetivos y satisfacción de la necesidad. | G9: general | H9: interna | I9: precontractual | J9: Operacionales | K9: 3 | L9: 1 | M9: =INDEX(Tablas!$K$32:$O$36,MATCH(K9,Tablas!$J$32:$J$36,0),MATCH(L9,Tablas!$K$37:$O$37,0)) -> 5 | N9: =IF(M9<=3,"Bajo",IF(M9=4,"Moderado",IF(M9=5,"Moderado",IF(M9=6,"Moderado",IF(M9=7,"Moderado",IF(M9=8,"Moderado",IF(M9=9,"Moderado",IF(M9=12,"Moderado",IF(M9=13,"Moderado",IF(M9=10,"Alto",IF(M9=11,"Alto",IF(M9=14,"Alto",IF(M9=15,"Alto",IF(M9=16,"Alto",IF(M9=19,"Alto",IF(M9=21,"Alto",IF(M9=23,"Alto",IF(M9=24,"Alto",IF(M9=17,"Extremo",IF(M9=18,"Extremo",IF(M9=20,"Extremo",IF(M9=22,"Extremo",IF(M9=25,"Extremo"))))))))))))))))))))))) -> Moderado | O9: Contratista | P9: Se establecen plazos perentorios para el perfeccionamiento y ejecución del contrato. | Q9: 2 | R9: 1 | S9: =INDEX(Tablas!$K$32:$O$36,MATCH(Q9,Tablas!$J$32:$J$36,0),MATCH(R9,Tablas!$K$37:$O$37,0)) -> 3 | T9: =IF(S9<=3,"Bajo",IF(S9=4,"Moderado",IF(S9=5,"Moderado",IF(S9=6,"Moderado",IF(S9=7,"Moderado",IF(S9=8,"Moderado",IF(S9=9,"Moderado",IF(S9=12,"Moderado",IF(S9=13,"Moderado",IF(S9=10,"Alto",IF(S9=11,"Alto",IF(S9=14,"Alto",IF(S9=15,"Alto",IF(S9=16,"Alto",IF(S9=19,"Alto",IF(S9=21,"Alto",IF(S9=23,"Alto",IF(S9=24,"Alto",IF(S9=17,"Extremo",IF(S9=18,"Extremo",IF(S9=20,"Extremo",IF(S9=22,"Extremo",IF(S9=25,"Extremo"))))))))))))))))))))))) -> Bajo | U9: Icfes | V9: En el perfeccionamiento del contrato | W9: Hasta el vencimiento del plazo del cto. | X9: Verificación y seguimiento de metas y comunicación constante con el contratista. | Y9: Permanente
A10: 2 | B10: Renovación del licenciamiento de los firewall 600E, Licenciamiento Fortianalyzer FAZ-200F, y servicios profesionales de afinamiento y soporte a fallas 7*24 durante un (01) año | C10: 45448 | D10: No hay disponibilidad (parcial o total) del personal que hace parte del equipo mínimo requerido para llevar a cabo el objeto del contrato | E10: No existe una previsión del recurso humano del proyecto por parte del contratista. El personal está atendiendo otros proyectos de forma simultánea. | F10: Retraso en la adquisición, suscripción y soporte técnico para el licienciamiento Fortinet de acuerdo con el cronograma propuesto por el contratista. | G10: específico | H10: externa | I10: contractual | J10: Operacionales | K10: 2 | L10: 2 | M10: =INDEX(Tablas!$K$32:$O$36,MATCH(K10,Tablas!$J$32:$J$36,0),MATCH(L10,Tablas!$K$37:$O$37,0)) -> 4 | N10: =IF(M10<=3,"Bajo",IF(M10=4,"Moderado",IF(M10=5,"Moderado",IF(M10=6,"Moderado",IF(M10=7,"Moderado",IF(M10=8,"Moderado",IF(M10=9,"Moderado",IF(M10=12,"Moderado",IF(M10=13,"Moderado",IF(M10=10,"Alto",IF(M10=11,"Alto",IF(M10=14,"Alto",IF(M10=15,"Alto",IF(M10=16,"Alto",IF(M10=19,"Alto",IF(M10=21,"Alto",IF(M10=23,"Alto",IF(M10=24,"Alto",IF(M10=17,"Extremo",IF(M10=18,"Extremo",IF(M10=20,"Extremo",IF(M10=22,"Extremo",IF(M10=25,"Extremo"))))))))))))))))))))))) -> Moderado | O10: Contratista | P10: Seguimiento y verificación del cumplimiento de las obligaciones pactadas en el contrato. | Q10: 1 | R10: 2 | S10: =INDEX(Tablas!$K$32:$O$36,MATCH(Q10,Tablas!$J$32:$J$36,0),MATCH(R10,Tablas!$K$37:$O$37,0)) -> 2 | T10: =IF(S10<=3,"Bajo",IF(S10=4,"Moderado",IF(S10=5,"Moderado",IF(S10=6,"Moderado",IF(S10=7,"Moderado",IF(S10=8,"Moderado",IF(S10=9,"Moderado",IF(S10=12,"Moderado",IF(S10=13,"Moderado",IF(S10=10,"Alto",IF(S10=11,"Alto",IF(S10=14,"Alto",IF(S10=15,"Alto",IF(S10=16,"Alto",IF(S10=19,"Alto",IF(S10=21,"Alto",IF(S10=23,"Alto",IF(S10=24,"Alto",IF(S10=17,"Extremo",IF(S10=18,"Extremo",IF(S10=20,"Extremo",IF(S10=22,"Extremo",IF(S10=25,"Extremo"))))))))))))))))))))))) -> Bajo | U10: Icfes | V10: En el perfeccionamiento del contrato | W10: Hasta el vencimiento del plazo del cto. | X10: A través de la verificación de cumplimiento de las obligaciones del contratista, en los plazos establecidos en el contrato. | Y10: Permanente
A11: 3 | B11: Renovación del licenciamiento de los firewall 600E, Licenciamiento Fortianalyzer FAZ-200F, y servicios profesionales de afinamiento y soporte a fallas 7*24 durante un (01) año | C11: 45448 | D11: Ocurre cuando se presentan demoras por parte de la Entidad en las aprobaciones previas de los productos y/o informes desarrollados por el contratista. | E11: Falla en el flujo de comunicación entre la entidad contratante y el contratista, puede ser ocaionado por la falta de apoyo técnico al seguimiento del contrato y/o supervisión del contrato. | F11: Afecta el cumplimiento de las obligaciones del contratante a cargo del Supervisor del contrato, relacionadas con la aprobación de productos y/o informes, y genera retraso en las entregas y los pagos a favor del contratista. | G11: general | H11: interna | I11: contractual | J11: Operacionales | K11: 2 | L11: 2 | M11: =INDEX(Tablas!$K$32:$O$36,MATCH(K11,Tablas!$J$32:$J$36,0),MATCH(L11,Tablas!$K$37:$O$37,0)) -> 4 | N11: =IF(M11<=3,"Bajo",IF(M11=4,"Moderado",IF(M11=5,"Moderado",IF(M11=6,"Moderado",IF(M11=7,"Moderado",IF(M11=8,"Moderado",IF(M11=9,"Moderado",IF(M11=12,"Moderado",IF(M11=13,"Moderado",IF(M11=10,"Alto",IF(M11=11,"Alto",IF(M11=14,"Alto",IF(M11=15,"Alto",IF(M11=16,"Alto",IF(M11=19,"Alto",IF(M11=21,"Alto",IF(M11=23,"Alto",IF(M11=24,"Alto",IF(M11=17,"Extremo",IF(M11=18,"Extremo",IF(M11=20,"Extremo",IF(M11=22,"Extremo",IF(M11=25,"Extremo"))))))))))))))))))))))) -> Moderado | O11: Icfes | P11: Revisión y aprobación oportuna de la documentación inherente a los productos e informes del contrato. | Q11: 1 | R11: 1 | S11: =INDEX(Tablas!$K$32:$O$36,MATCH(Q11,Tablas!$J$32:$J$36,0),MATCH(R11,Tablas!$K$37:$O$37,0)) -> 1 | T11: =IF(S11<=3,"Bajo",IF(S11=4,"Moderado",IF(S11=5,"Moderado",IF(S11=6,"Moderado",IF(S11=7,"Moderado",IF(S11=8,"Moderado",IF(S11=9,"Moderado",IF(S11=12,"Moderado",IF(S11=13,"Moderado",IF(S11=10,"Alto",IF(S11=11,"Alto",IF(S11=14,"Alto",IF(S11=15,"Alto",IF(S11=16,"Alto",IF(S11=19,"Alto",IF(S11=21,"Alto",IF(S11=23,"Alto",IF(S11=24,"Alto",IF(S11=17,"Extremo",IF(S11=18,"Extremo",IF(S11=20,"Extremo",IF(S11=22,"Extremo",IF(S11=25,"Extremo"))))))))))))))))))))))) -> Bajo | U11: Icfes | V11: En el perfeccionamiento del contrato | W11: Hasta finalizar la etapa de ejecución | X11: A través de la verificación oportuna del supervisor de los productos e informes. | Y11: Permanente
A12: 4 | B12: Renovación del licenciamiento de los firewall 600E, Licenciamiento Fortianalyzer FAZ-200F, y servicios profesionales de afinamiento y soporte a fallas 7*24 durante un (01) año | C12: 45448 | D12: Se presenta por la expedición de normas que impongan nuevos tributos, impuestos o cargas parafiscales, que pueden afectar el equilibrio económico del contrato. | E12: Falta de planeación por parte del contratista al no contemplar en el valor la propuesta la fluctuación del dólar (si aplica) | F12: Genera una carga adicional a las previstas, que puede afectar a las partes contratantes. | G12: general | H12: externa | I12: contractual | J12: Financieros | K12: 2 | L12: 2 | M12: =INDEX(Tablas!$K$32:$O$36,MATCH(K12,Tablas!$J$32:$J$36,0),MATCH(L12,Tablas!$K$37:$O$37,0)) -> 4 | N12: =IF(M12<=3,"Bajo",IF(M12=4,"Moderado",IF(M12=5,"Moderado",IF(M12=6,"Moderado",IF(M12=7,"Moderado",IF(M12=8,"Moderado",IF(M12=9,"Moderado",IF(M12=12,"Moderado",IF(M12=13,"Moderado",IF(M12=10,"Alto",IF(M12=11,"Alto",IF(M12=14,"Alto",IF(M12=15,"Alto",IF(M12=16,"Alto",IF(M12=19,"Alto",IF(M12=21,"Alto",IF(M12=23,"Alto",IF(M12=24,"Alto",IF(M12=17,"Extremo",IF(M12=18,"Extremo",IF(M12=20,"Extremo",IF(M12=22,"Extremo",IF(M12=25,"Extremo"))))))))))))))))))))))) -> Moderado | O12: Contratista | P12: Aplicación inmediata de las disposiciones legales y ajuste de los procesos internos de la entidad. | Q12: 1 | R12: 1 | S12: =INDEX(Tablas!$K$32:$O$36,MATCH(Q12,Tablas!$J$32:$J$36,0),MATCH(R12,Tablas!$K$37:$O$37,0)) -> 1 | T12: =IF(S12<=3,"Bajo",IF(S12=4,"Moderado",IF(S12=5,"Moderado",IF(S12=6,"Moderado",IF(S12=7,"Moderado",IF(S12=8,"Moderado",IF(S12=9,"Moderado",IF(S12=12,"Moderado",IF(S12=13,"Moderado",IF(S12=10,"Alto",IF(S12=11,"Alto",IF(S12=14,"Alto",IF(S12=15,"Alto",IF(S12=16,"Alto",IF(S12=19,"Alto",IF(S12=21,"Alto",IF(S12=23,"Alto",IF(S12=24,"Alto",IF(S12=17,"Extremo",IF(S12=18,"Extremo",IF(S12=20,"Extremo",IF(S12=22,"Extremo",IF(S12=25,"Extremo"))))))))))))))))))))))) -> Bajo | U12: Contratista | V12: Estructuración oferta económica | W12: Hasta el vencimiento del plazo del cto. | X12: Permanente consulta y actualización normativa. | Y12: Permanente
A13: 5 | B13: Renovación del licenciamiento de los firewall 600E, Licenciamiento Fortianalyzer FAZ-200F, y servicios profesionales de afinamiento y soporte a fallas 7*24 durante un (01) año | C13: 45448 | D13: Riesgo por demora, retrasos, inconvenientes que afecten el plazo de ejecución del contrato o el cronograma de ejecución a causa de la falta de idoneidad del personal del Contratista que cumpla con los requisitos exigidos en el Pliego de Condiciones. | E13: Falta de planeación del contratista en la selección de personal para la ejecución del contrato. -No se realiza la contratación o vinculación del personal requerido para la prestación del servicio por parte del contratista. | F13: Retraso en el cronograma previsto y ampliación del plazo de ejecución del contrato | G13: específico | H13: externa | I13: planeación | J13: Operacionales | K13: 1 | L13: 2 | M13: =INDEX(Tablas!$K$32:$O$36,MATCH(K13,Tablas!$J$32:$J$36,0),MATCH(L13,Tablas!$K$37:$O$37,0)) -> 2 | N13: =IF(M13<=3,"Bajo",IF(M13=4,"Moderado",IF(M13=5,"Moderado",IF(M13=6,"Moderado",IF(M13=7,"Moderado",IF(M13=8,"Moderado",IF(M13=9,"Moderado",IF(M13=12,"Moderado",IF(M13=13,"Moderado",IF(M13=10,"Alto",IF(M13=11,"Alto",IF(M13=14,"Alto",IF(M13=15,"Alto",IF(M13=16,"Alto",IF(M13=19,"Alto",IF(M13=21,"Alto",IF(M13=23,"Alto",IF(M13=24,"Alto",IF(M13=17,"Extremo",IF(M13=18,"Extremo",IF(M13=20,"Extremo",IF(M13=22,"Extremo",IF(M13=25,"Extremo"))))))))))))))))))))))) -> Bajo | O13: Contratista | P13: Control durante la ejecución del contrato y verificación del acatamiento de los términos exigidos en el pliego de condiciones, por parte del supervisor. | Q13: 1 | R13: 1 | S13: =INDEX(Tablas!$K$32:$O$36,MATCH(Q13,Tablas!$J$32:$J$36,0),MATCH(R13,Tablas!$K$37:$O$37,0)) -> 1 | T13: =IF(S13<=3,"Bajo",IF(S13=4,"Moderado",IF(S13=5,"Moderado",IF(S13=6,"Moderado",IF(S13=7,"Moderado",IF(S13=8,"Moderado",IF(S13=9,"Moderado",IF(S13=12,"Moderado",IF(S13=13,"Moderado",IF(S13=10,"Alto",IF(S13=11,"Alto",IF(S13=14,"Alto",IF(S13=15,"Alto",IF(S13=16,"Alto",IF(S13=19,"Alto",IF(S13=21,"Alto",IF(S13=23,"Alto",IF(S13=24,"Alto",IF(S13=17,"Extremo",IF(S13=18,"Extremo",IF(S13=20,"Extremo",IF(S13=22,"Extremo",IF(S13=25,"Extremo"))))))))))))))))))))))) -> Bajo | U13: Icfes | V13: Estructuración oferta económica | W13: Hasta el perfeccionamient o del contrato | X13: Control por parte del supervisor del contrato y constante requerimientos por escrito | Y13: Cada vez que se requiera
A14: 6 | B14: Renovación del licenciamiento de los firewall 600E, Licenciamiento Fortianalyzer FAZ-200F, y servicios profesionales de afinamiento y soporte a fallas 7*24 durante un (01) año | C14: 45448 | D14: Alteración, fuga o sustracción de información de carácter reservado o clasificado. | E14: Fallas en la custodia y seguridad de la información del contratista. -Actos de vandalismo por personal interno del contratista. -Actos de vandalismo por terceros. -Divulgación de información confidencial por parte del contratista. -Ataques informáticos. -Incumplimientos de los protocolos de seguridad física y de la información. | F14: Afectación de la imagen del Icfes. -Demoras en la ejecución de las actividades Internas del Icfes de acuerdo con las fechas establecidas en el cronograma de actividades. -Alteración de la continuidad de los procesos. -Afectación en la ejecución del objeto contractual de terceros. -Exposición, daño y pérdida de información clasificada, reservada o sensible de carácter público y/o privado. | G14: específico | H14: interna | I14: contractual | J14: Operacionales | K14: 1 | L14: 3 | M14: =INDEX(Tablas!$K$32:$O$36,MATCH(K14,Tablas!$J$32:$J$36,0),MATCH(L14,Tablas!$K$37:$O$37,0)) -> 6 | N14: =IF(M14<=3,"Bajo",IF(M14=4,"Moderado",IF(M14=5,"Moderado",IF(M14=6,"Moderado",IF(M14=7,"Moderado",IF(M14=8,"Moderado",IF(M14=9,"Moderado",IF(M14=12,"Moderado",IF(M14=13,"Moderado",IF(M14=10,"Alto",IF(M14=11,"Alto",IF(M14=14,"Alto",IF(M14=15,"Alto",IF(M14=16,"Alto",IF(M14=19,"Alto",IF(M14=21,"Alto",IF(M14=23,"Alto",IF(M14=24,"Alto",IF(M14=17,"Extremo",IF(M14=18,"Extremo",IF(M14=20,"Extremo",IF(M14=22,"Extremo",IF(M14=25,"Extremo"))))))))))))))))))))))) -> Moderado | O14: Contratista | P14: Firma de los acuerdos de confidencialidad de la información. -Asignación de personal del Icfes para la verificación de condiciones fisicas de seguridad. -Seguimiento permanente al cumplimiento del plan de trabajo. | Q14: 1 | R14: 3 | S14: =INDEX(Tablas!$K$32:$O$36,MATCH(Q14,Tablas!$J$32:$J$36,0),MATCH(R14,Tablas!$K$37:$O$37,0)) -> 6 | T14: Bajo | U14: Icfes | V14: En el perfeccionamiento del contrato | W14: Hasta finalizar la etapa de ejecución | X14: Reuniones de seguimiento con el contratista dejando como evidencia las actas de reunión . -Seguimiento de la ejecución del contrato a través de supervisor -Reuniones internas de área y seguimiento al cronograma. | Y14: Cada vez que se requiera
A15: 7 | B15: Renovación del licenciamiento de los firewall 600E, Licenciamiento Fortianalyzer FAZ-200F, y servicios profesionales de afinamiento y soporte a fallas 7*24 durante un (01) año | C15: 45448 | D15: Ocurre cuando la Entidad modifica uno o varios de los requerimientos de diseño sobre el que se realizará la adquisición, suscripción y soporte Técnico para el llicenciamiento fortinet. | E15: Falta de planeación en la definición de requerimientos de acuerdo con las necesidades internas del Instituto. | F15: Se produce un cambio en la ejecución de las actividades inicialmente programadas, lo cual genera demoras en la ejecución del cronograma propuesto y un posible incremento de los costos para la culminación del proyecto. | G15: específico | H15: interna | I15: contractual | J15: Operacionales | K15: 1 | L15: 3 | M15: =INDEX(Tablas!$K$32:$O$36,MATCH(K15,Tablas!$J$32:$J$36,0),MATCH(L15,Tablas!$K$37:$O$37,0)) -> 6 | N15: =IF(M15<=3,"Bajo",IF(M15=4,"Moderado",IF(M15=5,"Moderado",IF(M15=6,"Moderado",IF(M15=7,"Moderado",IF(M15=8,"Moderado",IF(M15=9,"Moderado",IF(M15=12,"Moderado",IF(M15=13,"Moderado",IF(M15=10,"Alto",IF(M15=11,"Alto",IF(M15=14,"Alto",IF(M15=15,"Alto",IF(M15=16,"Alto",IF(M15=19,"Alto",IF(M15=21,"Alto",IF(M15=23,"Alto",IF(M15=24,"Alto",IF(M15=17,"Extremo",IF(M15=18,"Extremo",IF(M15=20,"Extremo",IF(M15=22,"Extremo",IF(M15=25,"Extremo"))))))))))))))))))))))) -> Moderado | O15: Icfes | P15: Analizar, revisar y socilaizar el alcance definido en el anexo técnico de tal manera que las partes involucradas tengan un claro entendimiento del proyecto. | Q15: 1 | R15: 2 | S15: =INDEX(Tablas!$K$32:$O$36,MATCH(Q15,Tablas!$J$32:$J$36,0),MATCH(R15,Tablas!$K$37:$O$37,0)) -> 2 | T15: Bajo | U15: Icfes | V15: Desde la fecha de la Adjudicación | W15: Hasta finalizar la etapa de ejecución | X15: A través de la verificación de las etapas de los procedimientos asociados. | Y15: Cada vez que se requiera
A16: 8 | B16: Renovación del licenciamiento de los firewall 600E, Licenciamiento Fortianalyzer FAZ-200F, y servicios profesionales de afinamiento y soporte a fallas 7*24 durante un (01) año | C16: 45448 | D16: Incumplimiento del Proveedor en el pago de salarios y prestaciones sociales a su personal. | E16: Falta de planeación por parte del contratista en no contemplar en el valor la propuesta la fluctuación del dólar, o problemas en la cadena de suministro. | F16: Genera una carga adicional a las previstas, que puede afectar a cualquiera o a las dos partes del contrato. | G16: general | H16: externa | I16: contractual | J16: Financieros | K16: 2 | L16: 2 | M16: =INDEX(Tablas!$K$32:$O$36,MATCH(K16,Tablas!$J$32:$J$36,0),MATCH(L16,Tablas!$K$37:$O$37,0)) -> 4 | N16: =IF(M16<=3,"Bajo",IF(M16=4,"Moderado",IF(M16=5,"Moderado",IF(M16=6,"Moderado",IF(M16=7,"Moderado",IF(M16=8,"Moderado",IF(M16=9,"Moderado",IF(M16=12,"Moderado",IF(M16=13,"Moderado",IF(M16=10,"Alto",IF(M16=11,"Alto",IF(M16=14,"Alto",IF(M16=15,"Alto",IF(M16=16,"Alto",IF(M16=19,"Alto",IF(M16=21,"Alto",IF(M16=23,"Alto",IF(M16=24,"Alto",IF(M16=17,"Extremo",IF(M16=18,"Extremo",IF(M16=20,"Extremo",IF(M16=22,"Extremo",IF(M16=25,"Extremo"))))))))))))))))))))))) -> Moderado | O16: Contratista | P16: Aplicación inmediata de las disposiciones legales y ajuste de los procesos internos de la entidad. | Q16: 1 | R16: 1 | S16: =INDEX(Tablas!$K$32:$O$36,MATCH(Q16,Tablas!$J$32:$J$36,0),MATCH(R16,Tablas!$K$37:$O$37,0)) -> 1 | T16: =IF(S16<=3,"Bajo",IF(S16=4,"Moderado",IF(S16=5,"Moderado",IF(S16=6,"Moderado",IF(S16=7,"Moderado",IF(S16=8,"Moderado",IF(S16=9,"Moderado",IF(S16=12,"Moderado",IF(S16=13,"Moderado",IF(S16=10,"Alto",IF(S16=11,"Alto",IF(S16=14,"Alto",IF(S16=15,"Alto",IF(S16=16,"Alto",IF(S16=19,"Alto",IF(S16=21,"Alto",IF(S16=23,"Alto",IF(S16=24,"Alto",IF(S16=17,"Extremo",IF(S16=18,"Extremo",IF(S16=20,"Extremo",IF(S16=22,"Extremo",IF(S16=25,"Extremo"))))))))))))))))))))))) -> Bajo | U16: Icfes / Contratista | V16: Estructuración oferta económica | W16: Hasta el vencimiento del plazo del cto. | X16: Permanente consulta y actualización normativa. | Y16: Permanente
A20: Este es un documento controlado; una vez se descargue o se imprima se considera NO CONTROLADO
AF113: clase | AG113: fuente | AH113: etapa | AI113: tipo | AJ113: probabilidad | AK113: impacto | AL113: valoración | AM113: Responsable | AN113: Periodicidad
AF114: general | AG114: interna | AH114: planeación | AI114: Económicos | AJ114: casi cierto | AK114: catastrófico | AL114: riesgo bajo | AM114: Icfes | AN114: Diaria
AF115: específico | AG115: externa | AH115: precontractual | AI115: Comercial | AJ115: probable | AK115: mayor | AL115: riesgo moderado | AM115: Contratista | AN115: Mensual
AH116: contractual | AI116: Tecnológicos e Infraestructura pública | AJ116: posible | AK116: moderado | AL116: riesgo alto | AM116: Icfes / Contratista | AN116: Trimestral
AH117: liquidación | AI117: Sociales y Políticos | AJ117: improbable | AK117: menor | AL117: riesgo extremo | AN117: Semestral
AI118: Actos de la naturaleza | AJ118: improbable | AK118: menor | AN118: Anual
AI119: Hecho de las cosas | AJ119: improbable | AK119: menor | AN119: Permanente
AI120: Operacionales | AJ120: raro | AK120: insignificante | AN120: Cada vez que se requiera
AI121: Financieros
AI122: Regulatorios y Acciones Legales
AI123: Reputacional
AI124: Corrupción y Fraudes

Sheet Instrucciones
D1: INSTRUCCIONES PARA EL DILIGENCIAMIENTO DE LA MATRIZ DE RIESGOS CONTRACTUALES | R1: Código: GAB-FT020
D2: GESTIÓN DEL ABASTECIMIENTO | R2: Versión: 001
A4: Para la identificación de los riesgos tenga en cuenta las siguientes definiciones:
V9: En el perfeccionamiento del contrato | W9: Hasta el vencimiento del plazo del cto. | X9: Verificación y seguimiento de metas y comunicación constante con el contratista.
A10: Riesgo: Posibilidad de que suceda algún evento que tendrá un impacto sobre el cumplimiento de los objetivos. Se expresa en términos de probabilidad y consecuencias. Riesgo Inherente: Es aquel al que se enfrenta una entidad en ausencia de acciones de la dirección para modificar su probabilidad o impacto. Riesgo Residual: Nivel de riesgo que permanece luego de tomar medidas de tratamiento del riesgo. El riesgo en su tendencia más común es valorado como una amenaza, en este sentido, los esfuerzos institucionales se dirigen a reducirlo, evitarlo, transferirlo o mitigarlo; sin embargo, el riesgo puede ser analizado como una oportunidad, lo cual implica que su gestión sea dirigida a maximizar los resultados que éstos generan. Riesgo de Corrupción: La posibilidad de que por acción u omisión, mediante el uso indebido del poder, de los recursos o de la información, se lesionen los intereses de una entidad y en consecuencia del Estado, para la obtención de un beneficio particular”. | V10: En la redacción de los documentos del proceso
A11: Clases de Riesgos: | V11: Desde la etapa de planeación | W11: Hasta el vencimiento del plazo del cto. | X11: Permanente consulta y actualización normativa.
V12: Desde la etapa de planeación | W12: Hasta el vencimiento del plazo del cto | X12: Realizando constante revisión y monitoreo sobre el servicio de impresión
A13: El Riesgo está vinculado con todo el quehacer; se podría afirmar que no hay actividad que deje de incluir el riesgo como una posibilidad. Los riesgos no son sólo de carácter económico o están únicamente relacionados con entidades financieras o con lo que se ha denominado riesgos profesionales; éstos hacen parte de cualquier gestión que se realice. Entre las clases de riesgos que pueden presentarse, se encuentran: a)Riesgos Económicos: Corresponde a riesgos derivados de alteraciones y fluctuaciones en la tasa de cambio de moneda extranjera, comportamiento de la inflación, variaciones en el comercio nacional e internacional, medidas y trámites de importaciones y exportaciones. Oferta y/o demanda de bienes, materiales, insumos, o servicios, disponibilidad y costo de mano de obra especializada necesarios o requeridos para la ejecución del contrato. b) Comercial: Comprende los riesgos asociados a la pérdida de mercado o demanda del bien o servicio, puede ser causado por fallas propias en la operación, cambios en las condiciones y o características propias del mercado, competencia, substitutos, entre otros. c) Tecnológicos e Infraestructura pública: Se contemplan los riesgos que podrían ocurrir por fallas en los sistemas de telecomunicación de voz y de datos, suspensión de servicios públicos, advenimiento de nuevos desarrollos tecnológicos o estándares que deben ser tenidos en cuenta para la ejecución del contrato, así como la obsolescencia tecnológica. Así mismo, se considera la operatividad y estado de las vías de acceso, la disponibilidad de medios de transporte adecuados para transitar y acceder a los sitios para ejecutar las actividades propias del contrato.
A14: d) Sociales y Políticos: Son los riesgos derivados de los cambios de las políticas gubernamentales y de cambios en las condiciones sociales. Así mismo se consideran los riesgos que sean generados por la alteración del orden público, los actos de terrorismo y actos de delincuencia común que sean cometidos al amparo de fallas de los sistemas de vigilancia y control que se deban implementar y mantener adecuadamente, actividad proselitista, huelgas, y protestas frente a las cuales se debe mantener una actitud de diligencia y cuidado adecuados. También se consideran aquí las costumbres y usos culturales, religiosos y creencias de las personas que se afectan, benefician, o influyen de la ejecución del contrato. e) Actos de la naturaleza: Se refiere a los riesgos que se presenten por actos de la naturaleza, por ejemplo, temblores, terremotos, lluvias, inundaciones, altas temperaturas, sequías, y en general fenómenos geológicos, freáticos, hidrológicos y climáticos. También se consideran incendios forestales, eventos biológicos y patológicos, acción de roedores y otros animales. f) Hecho de las cosas: En este tipo de riesgos se incluyen los que ocurran por incendios, roturas, caídas, colapso, filtraciones, derrames, explosiones, falla mecánica, todos de carácter súbito y accidental, pero cuyo desarrollo debe ser considerado en ejecución del contrato. Los que se presenten por falta de diligencia y extremo cuidado, al igual que los que se deriven de fallas de los sistemas de vigilancia y control que deben ser implementados y mantenidos. g) Operacionales: Son aquellos riesgos derivados durante el desarrollo de procesos, procedimientos, actividades, equipos humanos o técnicos inadecuados o insuficientes. En esta clasificación se incluyen también los riesgos que ocurran por accidentes laborales, enfermedad profesional, muerte, suficiencia y ausentismo del personal del contratista, así como falta de personal clave, actos de empleados ya sean voluntarios o culposos, consecuencia de impericia o falta de habilidades y conocimientos en el manejo de equipos, maquinaria, herramientas y aparatos. | V14: Inicio de la ejecución del contrato | X14: Mediante la supervisión del contrato y solicitud de informes periódicos.
A15: h) Financieros: En este tipo, se incluye (i) el riesgo de consecución de financiación o riesgo de liquidez para obtener recursos para cumplir con el objeto del contrato, el pago de bienes que sean sujetos de disposición final, y (ii) el riesgo de las condiciones financieras establecidas para la obtención de los recursos, tales como plazos, tasas de interés, garantías, contragarantías, y refinanciaciones, entre otros. i) Regulatorios y Acciones Legales: Se refiere a riesgos derivados de cambios regulatorios o reglamentarios que deben ser cumplidos en el marco de la ejecución de un contrato; nuevas normas o disposiciones legales que ya se conocen pero que aún no han entrado en vigor; impuestos, cargas parafiscales, tributos y timbres, estampillas o cargos de origen impositivo de los bienes o servicios necesarios para el contrato; actos de autoridad, comiso, embargo, confiscación y extinción de dominio de bienes. Se incluyen también licencias, permisos y derechos de autor o propiedad intelectual de obras, software, aplicaciones informáticas, entre otros productos. j) Reputacional: En este tipo de riesgos se incluyen acciones, errores u omisiones en los procesos de contratación que afectar la imagen o generen en la ciudadanía percepciones negativas del Icfes. k) Corrupción y Fraudes: Los riesgos derivados de acciones u omisiones, uso indebido del poder, de los recursos o de la información, que lesionen los intereses de la Entidad, para la obtención de un beneficio particular. | W15: Fecha final de la garantía de cumplimiento | X15: Realizando un análisis periódico de vulnerabiliddes.
A16: ANALISIS Y VALORACIÓN DEL RIESGO Ver numeral del Manual de Riesgos | W16: Inicio de ejecución del contrato | X16: Mediante la supervisión del contrato.
V17: Estructuración oferta económica | W17: Hasta el vencimiento del plazo del cto. | X17: Permanente consulta y actualización normativa.
A18: ANÁLISIS DEL RIESGO: Formato Columnas K-O Se busca establecer la probabilidad de ocurrencia del riesgo y sus consecuencias o impacto, con el fin de estimar la zona de riesgo; en 3 pasos: Determinar la probabilidad: Por PROBABILIDAD se entiende la posibilidad de ocurrencia del riesgo, ésta puede ser medida con criterios de Frecuencia o Factibilidad. Bajo el criterio de FRECUENCIA se analizan el # eventos en un periodo determinado, se trata de hechos que se han materializado o se cuenta con un historial de situaciones o eventos asociados al riesgo. Determinar el impacto: Por IMPACTO se entienden las consecuencias que puede ocasionar a la organización la materialización del riesgo. Se tienen en cuenta las consecuencias potenciales establecidas en el paso 1 de Identificación del riesgo Estimar la valoración: El ejercicio en esta etapa consiste en la comparación del nivel de riesgo estimado en el análisis y de los criterios del riesgo establecidos al definir el contexto. Este campo se encuentra formulado de manera automático.
A19: TRATAMIENTO DEL RIESGO Ver numeral del Manual de Riesgos
A21: TRATAMIENTO DEL RIESGO: Formato Columnas Q-U Se busca confrontar los resultados del análisis de riesgo inicial frente a los controles establecidos, con el fin de determinar la zona de riesgo final. La valoración del riesgo requiere de una evaluación de los controles existentes, lo cual implica: Determinar si los controles están documentados: de forma tal que es posible conocer cómo se lleva a cabo el control, quién es el responsable de su ejecución y cuál es la periodicidad para su ejecución, lo cual determinará las evidencias que van a respaldar la ejecución del mismo.
A22: MONITOREO Y REVISIÓN Ver numeral del Manual de Riesgos
A24: Proponer las acciones para prevenir y mitigar la materialización del riesgo de acuerdo con la valoración del riesgo, indicando ¿cómo? se realiza el monitoreo y su periodicidad.
A25: Este es un documento controlado; una vez se descargue o se imprima se considera NO CONTROLADO

Sheet Tablas
D1: TABLAS PARA EL ANÁLISIS Y VALORACIÓN DE LA MATRIZ DE RIESGOS CONTRACTUALES | Q1: Código: GAB-FT020
D2: GESTIÓN DEL ABASTECIMIENTO | Q2: Versión: 001
H6: Escala de probabilidades
H7: PROBABILIDAD | I7: VALORACIÓN | J7: DESCRIPTOR | L7: DESCRIPCIÓN | N7: FRECUENCIA
I8: 5 | J8: CASI SEGURO | L8: En el último año, se ha materializado el riesgo más de 1 vez | N8: Se espera evento de riesgo más de una vez en el próximo año
I9: 4 | J9: PROBABLE | L9: 2 | N9: Se espera evento de riesgo una vez en el próximo año | V9: En el perfeccionamiento del contrato | W9: Hasta el vencimiento del plazo del cto. | X9: Verificación y seguimiento de metas y comunicación constante con el contratista.
I10: 3 | J10: POSIBLE | L10: 4 | N10: Se espera evento de riesgo al menos una vez en los próximos 2 años | V10: En la redacción de los documentos del proceso
I11: 2 | J11: IMPROBABLE | L11: 3 | N11: Se espera evento de riesgo más una vez en los próximos 5 años | V11: Desde la etapa de planeación | W11: Hasta el vencimiento del plazo del cto. | X11: Permanente consulta y actualización normativa.
I12: 1 | J12: RARA VEZ | L12: 3 | N12: Se espera evento de riesgo una vez en los próximos 5 años | V12: Desde la etapa de planeación | W12: Hasta el vencimiento del plazo del cto | X12: Realizando constante revisión y monitoreo sobre el servicio de impresión
V14: Inicio de la ejecución del contrato | X14: Mediante la supervisión del contrato y solicitud de informes periódicos.
D15: Vulnerabilidad de las soluciones que comprometan la seguridad de la información o mal uso de la información por parte del contratista | E15: Vulnerabilidades de seguridad desde el punto de vista tecnológico o humano. | F15: Uso diferente, pérdida o destrucción de la información. | K15: 3 | P15: Disposición contractual que obliga al proveedor a realizar pruebas de seguridad a la infraestructura del contratista. Contar con mecanismos alternativos para salvaguardar la información. | Q15: 2 | R15: 2 | W15: Fecha final de la garantía de cumplimiento | X15: Realizando un análisis periódico de vulnerabiliddes.
H16: Escala cuantitativa de consecuencias/Impacto | W16: Inicio de ejecución del contrato | X16: Mediante la supervisión del contrato.
H17: Valoración | J17: Los sobrecostos no superan el 1% del valor del contrato. | K17: Genera impacto sobre el valor del contrato entre el 1% y el 5%. | L17: 2 | M17: Genera impacto sobre el valor del contrato entre el 15% y el 30%. | N17: El impacto sobre el valor del contrato es superior al 30%. | V17: Estructuración oferta económica | W17: Hasta el vencimiento del plazo del cto. | X17: Permanente consulta y actualización normativa.
J18: 1 | K18: 2 | L18: 3 | M18: 4 | N18: 5
H19: Calificación Cuantitativa | J19: Insignificante | K19: Menor | L19: Moderado | M19: Mayor | N19: Catastrófico
J20: Consecuencias/Impacto
H23: Escala cualitativa de consecuencias/Impacto
H24: Valoración | J24: Dificulta la ejecución del contrato de manera insignificante. No requiere necesariamente la aplicación de medidas. | K24: Dificulta la ejecución del contrato de manera baja. Aplicando medidas mínimas se puede lograr el objeto contractual. | L24: Afecta la ejecución del contrato moderadamente, sin alterar los beneficios para las partes. | M24: Obstruye la ejecución del contrato sustancialmente pera aun así permite la consecución del objeto contractual. | N24: Perturba la ejecución del contrato de manera grave imposibilitando la consecución del objeto contractual.
J25: 1 | K25: 2 | L25: 3 | M25: 4 | N25: 5
H26: Calificación Cualitativa | J26: Insignificante | K26: Menor | L26: Moderado | M26: Mayor | N26: Catastrófico
J27: Consecuencias/Impacto
H31: Matriz de riesgos
H32: Probabilidad | I32: Casi Cierto | J32: 5 | K32: 15 | L32: 16 | M32: 23 | N32: 24 | O32: 25
I33: Probable | J33: 4 | K33: 9 | L33: 13 | M33: 14 | N33: 21 | O33: 22
I34: Posible | J34: 3 | K34: 5 | L34: 8 | M34: 12 | N34: 19 | O34: 20
I35: Improbable | J35: 2 | K35: 3 | L35: 4 | M35: 7 | N35: 11 | O35: 18
I36: Raro | J36: 1 | K36: 1 | L36: 2 | M36: 6 | N36: 10 | O36: 17
K37: 1 | L37: 2 | M37: 3 | N37: 4 | O37: 5
K38: Insignificante | L38: Menor | M38: Moderado | N38: Mayor | O38: Catastrófico
K39: Consecuencias/Impacto
J42: Valoración de riesgos
J43: Valoración del riesgo | L43: Categoría
J44: 17; 18; 20; 22; 25. | L44: Riesgo Extremo
J45: 10; 11; 14; 15; 16; 19; 21; 23; 24. | L45: Riesgo alto
J46: 4; 5; 6; 7; 8; 9; 12: 13. | L46: Riesgo moderado
J47: 1; 2; 3. | L47: Riesgo bajo
A51: Este es un documento controlado; una vez se descargue o se imprima se considera NO CONTROLADO

Sheet Seguimiento
B1: SEGUIMIENTO A RIESGOS EN PROCESOS CONTRACTUALES | C1: Código: GAB-FT020
B2: GESTIÓN DEL ABASTECIMIENTO | C2: Versión: 001
B6: Metodología para el seguimiento a Riesgos contractuales
B7: A continuación se presentan los parámetros a tener en cuenta en el seguimiento y evaluación de la gestión de riesgos en cada proceso contractual:
B9: EVALUACION EFICACIA: la eficacia se define como el grado en que se realizan las actividades para el cumplimiento de los objetivos y/o resultados planificados; en este caso se evaluó que cada proceso haya cumplido con la política de administración de riesgos y específicamente el avance en el cumplimiento de las acciones que se vienen ejecutando y que se planearon para el control de los riesgos sobre el total de acciones definidas para cumplir en el periodo objeto de seguimiento así: | D9: El contratista seleccionado no firma el contrato en el plazo establecido y/o se retrasa en la constitución y presentación de las garantías que amparan el cumplimiento del contrato. | E9: Desconocimiento de los requisitos o de los términos del contrato | F9: Retraso en el inicio de la ejecución del contrato y afectación en el logro de los objetivos y satisfacción de la necesidad. | K9: 3 | L9: 2 | P9: Se establecen plazos perentorios para el perfeccionamiento y ejecución del contrato. | R9: 1 | V9: En el perfeccionamiento del contrato | W9: Hasta el vencimiento del plazo del cto. | X9: Verificación y seguimiento de metas y comunicación constante con el contratista.
B10: AVANCE EN EL CUMPLIMIENTO DE LAS ACCIONES= Total de las acciones cumplidas / Total de acciones definidas para cumplir en el período | D10: Entrega inoportuna de los productos o servicios a cargo del contratista, o cuando los mismos no corresponden a lo mínimo solicitado en la prestación del servicio. | E10: Falta de planeación o errores técnicos por parte del contratista, problemas en la cadena de suministro. | F10: Afectación de la ejecución del contrato, insatisfacción de la necesidad y posible retraso en la ejecuciòn de las obligaciones y actividades pactadas en el contrato. | K10: 3 | L10: 4 | P10: Realizar un monitoreo constante de los resultados y entregables del contratista. Proveer la adecuada orientación, dirección y acompañamiento en el caso en el que el contratista tenga dificultades en el cumplimiento del objeto contractual.Estipulación contractual que establezca tiempos de instalación. | Q10: 2 | V10: En la redacción de los documentos del proceso
D11: Expedición de normas que impongan nuevos tributos, impuestos o cargas parafiscales que pueden afectar el equilibrio económico del contrato. | E11: Expedición de normas que impongan nuevos tributos, impuestos o cargas parafiscales. -Diferencia de criterios enfocados en la exención o no del cobro del IVA. | F11: Mayores costos. -Carga adicional a las previstas, que puede afectar a nivel económico y operacional a las dos partes del contrato. -Rompimiento del equilibrio económico del contrato | K11: 1 | L11: 3 | P11: Aplicación inmediata de las disposiciones legales y ajuste de los procesos internos de la entidad. | R11: 1 | V11: Desde la etapa de planeación | W11: Hasta el vencimiento del plazo del cto. | X11: Permanente consulta y actualización normativa.
B12: EVALUACIÓN EFECTIVIDAD. La efectividad se define como medida del impacto de la gestión tanto en el logro de los resultados planificados, como en el manejo de los recursos utilizados y disponibles. En este caso, medimos el impacto de las acciones y/o barreras de control y la efectividad para que el riesgo no se materialice. | D12: Entrega inoportuna del soporte sobre los equipos multifuncionales objeto de contrato. | E12: Falta de disposición de recursos por parte del contratista. | F12: Afectaciòn en la ejecuciòn de las obligaciones y actividades pactadas en el contrato | K12: 1 | L12: 3 | P12: Definir tiempos de respuesta de soporte que sea acorde con la realidad, de forma tal que le sea posible al contratista cumplirlo y satisfaga las necesidades de la Entidad. Definición de un acuerdo de nivel de servicio. | R12: 1 | V12: Desde la etapa de planeación | W12: Hasta el vencimiento del plazo del cto | X12: Realizando constante revisión y monitoreo sobre el servicio de impresión
B13: EFECTIVIDAD EN LA GESTION DE LOS RIESGOS = NO Materialización del Riesgo - SI Materialización del Riesgo | D13: Interrupciones en la prestación de los Servicios de los equipos multifuncionales por fallas atribuibles al Contratista. | E13: Fallas infraestructura Contratista. | F13: Indisponibilidad de los Servicios de los equipos multifuncionales requeridos por la Entidad | K13: 3 | L13: 4 | P13: Estipulación contractual que permita la aplicación de descuentos por incumplimiento de ANS. Estipulación contractual de multas y sanciones al contratista | Q13: 1 | R13: 2
D14: Afectación en los tiempos establecidos en el cronograma para la aplicación de la(s) prueba(s). | E14: Falta de recursos y planeación por parte del contratista | F14: Indisponibilidad de los Servicios de impresión y asociados. | K14: 3 | P14: Estipulación contractual que permita la inclusión de nuevos servicios y/o equipos multifuncionales o la terminación anticipada del Contrato | Q14: 3 | R14: 1 | V14: Inicio de la ejecución del contrato | X14: Mediante la supervisión del contrato y solicitud de informes periódicos.
B15: INDICE DE GESTION DEL RIESGO | D15: Vulnerabilidad de las soluciones que comprometan la seguridad de la información o mal uso de la información por parte del contratista | E15: Vulnerabilidades de seguridad desde el punto de vista tecnológico o humano. | F15: Uso diferente, pérdida o destrucción de la información. | K15: 3 | P15: Disposición contractual que obliga al proveedor a realizar pruebas de seguridad a la infraestructura del contratista. Contar con mecanismos alternativos para salvaguardar la información. | Q15: 2 | R15: 2 | W15: Fecha final de la garantía de cumplimiento | X15: Realizando un análisis periódico de vulnerabiliddes.
B16: corresponde a la sumatoria del 30% de la Implementación de acciones (+) el 70% de la Materialización Riesgo. Para obtener el 100% de la medición del monitoreo y valoración del riesgo. | D16: Incremento en los precios de los insumos necesarios para prestar el servicio, como papel, toner o partes. | E16: Falta de recursos y planeación por parte del contratista | F16: Imposibilidad de instalar los equipos multifuncionales para los servicios de impresión. | L16: 2 | P16: Permitir la visita del contratista a la Entidad para verificar la compatibilidad de los equipos | R16: 2 | W16: Inicio de ejecución del contrato | X16: Mediante la supervisión del contrato.
D17: Incumplimiento del Proveedor en el pago de salarios y prestaciones sociales a su personal. | E17: Falta de planeación por parte del contratista en no contemplar en el valor la propuesta la fluctuación del dólar, o problemas en la cadena de suministro. | F17: Genera una carga adicional a las previstas, que puede afectar a cualquiera o a las dos partes del contrato. | L17: 2 | P17: Aplicación inmediata de las disposiciones legales y ajuste de los procesos internos de la entidad. | Q17: 1 | R17: 1 | V17: Estructuración oferta económica | W17: Hasta el vencimiento del plazo del cto. | X17: Permanente consulta y actualización normativa.
B18: Índice de Gestión del Riesgo contractual
B19: Eficacia – Cumplimiento de Acciones de control | C19: 0.3
B20: Efectividad – NO Materialización del Riesgo | C20: 0.7
B21: TOTAL | C21: 1
B23: De acuerdo con la matriz de calificación establecidas para eficacia y efectividad, se calcula la gestión total del proceso. El resultado de la gestión de cada proceso contractual se establece en los siguientes rangos:
A24: Gestión De Riesgos contractuales
A25: Cumplió | C25: 90 – 100
A26: Cumplió parcialmente | C26: 60 – 89
A27: No Cumplió | C27: 0 – 59
A28: Este es un documento controlado; una vez se descargue o se imprima se considera NO CONTROLADO

Sheet Monitoreo
D1: MONITOREO A RIESGOS EN PROCESOS CONTRACTUALES | P1: Código: GAB-FT020
D2: GESTIÓN DEL ABASTECIMIENTO | P2: Versión: 001
AF5: SI
B6: MONITOREO Y REVISIÓN | J6: EFICACIA | N6: EFECTIVIDAD | AF6: NO
B7: Proceso Contractual | C7: Fecha de identificación | D7: Tratamiento / Control a ser implementado | E7: ¿Cuándo se inicia el tratamiento? | F7: ¿Cuándo se completa el tratamiento? | G7: ¿Cómo se realiza el monitoreo? | H7: Periodicidad | J7: Total de las acciones cumplidas | K7: Total de acciones definidas para cumplir en el período | L7: Resultado de cumplimiento | N7: ¿El riesgo se ha materializado? | O7: Resultado de cumplimiento | P7: Defina el impacto de la Materializaciòn
B9: =Matriz!A9 -> 1 | C9: =Matriz!C9 -> 45448 | D9: El contratista seleccionado no firma el contrato en el plazo establecido y/o se retrasa en la constitución y presentación de las garantías que amparan el cumplimiento del contrato. | E9: Desconocimiento de los requisitos o de los términos del contrato | F9: Retraso en el inicio de la ejecución del contrato y afectación en el logro de los objetivos y satisfacción de la necesidad. | G9: =Matriz!X9 -> Verificación y seguimiento de metas y comunicación constante con el contratista. | H9: =Matriz!Y9 -> Permanente | J9: 5 | K9: 3 | L9: 2 | N9: NO | O9: =IF(N9="SI",0,100%) -> 1 | P9: Se establecen plazos perentorios para el perfeccionamiento y ejecución del contrato. | R9: 1 | V9: En el perfeccionamiento del contrato | W9: Hasta el vencimiento del plazo del cto. | X9: Verificación y seguimiento de metas y comunicación constante con el contratista.
B10: =Matriz!A10 -> 2 | C10: =Matriz!C10 -> 45448 | D10: Entrega inoportuna de los productos o servicios a cargo del contratista, o cuando los mismos no corresponden a lo mínimo solicitado en la prestación del servicio. | E10: Falta de planeación o errores técnicos por parte del contratista, problemas en la cadena de suministro. | F10: Afectación de la ejecución del contrato, insatisfacción de la necesidad y posible retraso en la ejecuciòn de las obligaciones y actividades pactadas en el contrato. | G10: =Matriz!#REF! -> #REF! | H10: =Matriz!#REF! -> #REF! | J10: 2 | K10: 3 | L10: 4 | N10: SI | O10: =IF(N10="SI",0,100%) -> 0 | P10: Realizar un monitoreo constante de los resultados y entregables del contratista. Proveer la adecuada orientación, dirección y acompañamiento en el caso en el que el contratista tenga dificultades en el cumplimiento del objeto contractual.Estipulación contractual que establezca tiempos de instalación. | Q10: 2 | V10: En la redacción de los documentos del proceso
B11: =Matriz!A11 -> 3 | C11: =Matriz!C11 -> 45448 | D11: Expedición de normas que impongan nuevos tributos, impuestos o cargas parafiscales que pueden afectar el equilibrio económico del contrato. | E11: Expedición de normas que impongan nuevos tributos, impuestos o cargas parafiscales. -Diferencia de criterios enfocados en la exención o no del cobro del IVA. | F11: Mayores costos. -Carga adicional a las previstas, que puede afectar a nivel económico y operacional a las dos partes del contrato. -Rompimiento del equilibrio económico del contrato | G11: =Matriz!#REF! -> #REF! | H11: =Matriz!#REF! -> #REF! | J11: 1 | K11: 1 | L11: 3 | N11: SI | O11: =IF(N11="SI",0,100%) -> 0 | P11: Aplicación inmediata de las disposiciones legales y ajuste de los procesos internos de la entidad. | R11: 1 | V11: Desde la etapa de planeación | W11: Hasta el vencimiento del plazo del cto. | X11: Permanente consulta y actualización normativa.
B12: =Matriz!A12 -> 4 | C12: =Matriz!C12 -> 45448 | D12: Entrega inoportuna del soporte sobre los equipos multifuncionales objeto de contrato. | E12: Falta de disposición de recursos por parte del contratista. | F12: Afectaciòn en la ejecuciòn de las obligaciones y actividades pactadas en el contrato | G12: =Matriz!#REF! -> #REF! | H12: =Matriz!#REF! -> #REF! | J12: 1 | K12: 1 | L12: 3 | N12: NO | O12: =IF(N12="SI",0,100%) -> 1 | P12: Definir tiempos de respuesta de soporte que sea acorde con la realidad, de forma tal que le sea posible al contratista cumplirlo y satisfaga las necesidades de la Entidad. Definición de un acuerdo de nivel de servicio. | R12: 1 | V12: Desde la etapa de planeación | W12: Hasta el vencimiento del plazo del cto | X12: Realizando constante revisión y monitoreo sobre el servicio de impresión
B13: =Matriz!A13 -> 5 | C13: =Matriz!C13 -> 45448 | D13: Interrupciones en la prestación de los Servicios de los equipos multifuncionales por fallas atribuibles al Contratista. | E13: Fallas infraestructura Contratista. | F13: Indisponibilidad de los Servicios de los equipos multifuncionales requeridos por la Entidad | G13: =Matriz!#REF! -> #REF! | H13: =Matriz!#REF! -> #REF! | J13: 1 | K13: 3 | L13: 4 | N13: NO | O13: =IF(N13="SI",0,100%) -> 1 | P13: Estipulación contractual que permita la aplicación de descuentos por incumplimiento de ANS. Estipulación contractual de multas y sanciones al contratista | Q13: 1 | R13: 2
B14: =Matriz!A14 -> 6 | C14: =Matriz!C14 -> 45448 | D14: Afectación en los tiempos establecidos en el cronograma para la aplicación de la(s) prueba(s). | E14: Falta de recursos y planeación por parte del contratista | F14: Indisponibilidad de los Servicios de impresión y asociados. | G14: =Matriz!#REF! -> #REF! | H14: =Matriz!#REF! -> #REF! | J14: 1 | K14: 3 | L14: =+J14/K14 -> 0.33333333 | N14: NO | O14: =IF(N14="SI",0,100%) -> 1 | P14: Estipulación contractual que permita la inclusión de nuevos servicios y/o equipos multifuncionales o la terminación anticipada del Contrato | Q14: 3 | R14: 1 | V14: Inicio de la ejecución del contrato | X14: Mediante la supervisión del contrato y solicitud de informes periódicos.
B15: =Matriz!A15 -> 7 | C15: =Matriz!C15 -> 45448
B16: =Matriz!A16 -> 8 | C16: =Matriz!C16 -> 45448 | D16: Vulnerabilidad de las soluciones que comprometan la seguridad de la información o mal uso de la información por parte del contratista | E16: Vulnerabilidades de seguridad desde el punto de vista tecnológico o humano. | F16: Uso diferente, pérdida o destrucción de la información. | G16: =Matriz!#REF! -> #REF! | H16: =Matriz!#REF! -> #REF! | J16: 1 | K16: 3 | L16: =+J16/K16 -> 0.33333333 | N16: NO | O16: =IF(N16="SI",0,100%) -> 1 | P16: Disposición contractual que obliga al proveedor a realizar pruebas de seguridad a la infraestructura del contratista. Contar con mecanismos alternativos para salvaguardar la información. | Q16: 2 | R16: 2 | W16: Fecha final de la garantía de cumplimiento | X16: Realizando un análisis periódico de vulnerabiliddes.
D17: Incremento en los precios de los insumos necesarios para prestar el servicio, como papel, toner o partes. | E17: Falta de recursos y planeación por parte del contratista | F17: Imposibilidad de instalar los equipos multifuncionales para los servicios de impresión. | J17: 1 | L17: 2 | O17: =SUM(O9:O16)/COUNT(O9,O10,O11,O12,O13,O14,O16) -> 0.71428571 | P17: Permitir la visita del contratista a la Entidad para verificar la compatibilidad de los equipos | R17: 2 | W17: Inicio de ejecución del contrato | X17: Mediante la supervisión del contrato.
D18: Incumplimiento del Proveedor en el pago de salarios y prestaciones sociales a su personal. | E18: Falta de planeación por parte del contratista en no contemplar en el valor la propuesta la fluctuación del dólar, o problemas en la cadena de suministro. | F18: Genera una carga adicional a las previstas, que puede afectar a cualquiera o a las dos partes del contrato. | L18: 2 | P18: Aplicación inmediata de las disposiciones legales y ajuste de los procesos internos de la entidad. | Q18: 1 | R18: 1 | V18: Estructuración oferta económica | W18: Hasta el vencimiento del plazo del cto. | X18: Permanente consulta y actualización normativa.
B19: CRITERIOS | K19: META: | L19: 0.3 | N19: META: | O19: 0.7
K20: ALCANZADO: | L20: =+(L19*L17)/100% -> 0.6 | N20: ALCANZADO: | O20: =+(O19*O17)/100% -> 0.5
B21: AVANCE EN EL CUMPLIMIENTO DE LAS ACCIONES = Total de las acciones cumplidas / Total de acciones definidas para cumplir en el período | K21: Indice de Gestión de Riesgo Contractual | O21: =+L20+O20 -> 1.1
B22: EFECTIVIDAD EN LA GESTION DE LOS RIESGOS = NO Materialización del Riesgo - SI Materialización del Riesgo
K23: Gestión De Riesgos contractuales
B24: Eficacia – Cumplimiento de Acciones de control | E24: 0.3 | K24: Cumplió | O24: 90% – 100%
B25: Efectividad – NO Materialización del Riesgo | E25: 0.7 | K25: Cumplió parcialmente | O25: 60% – 89%
B26: TOTAL | E26: 1 | K26: No Cumplió | O26: 0% – 59%
A29: Este es un documento controlado; una vez se descargue o se imprima se considera NO CONTROLADO
